 Dungeon Crawl Stone Soup version 0.21-a0-193-g085b6a0 (webtiles) character file.

49 KristoblXynda the Ruffian (level 3, -1/31 HPs)
             Began as a Ghoul Monk on Aug 5, 2017.
             Slain by a gnoll
             ... wielding a +0 spear
              (5 damage)
             ... on level 2 of the Dungeon on Aug 14, 2017.
             The game lasted 00:03:28 (967 turns).

KristoblXynda the Ruffian (Ghoul Monk)               Turns: 967, Time: 00:03:28

Health: -1/31      AC:  5    Str: 15    XL:     3   Next: 77%
Magic:  2/2        EV: 11    Int:  5    God:
Gold:   56         SH:  0    Dex: 11    Spells: 2/2 levels left

rFire    . . .     SeeInvis +   d - +1 whip (pain)
rCold    + . .     Gourm    .   (no shield)
rNeg     + + +     Faith    .   a - +0 ring mail
rPois    ∞         Spirit   .   (no helmet)
rElec    .         Reflect  .   (no cloak)
rCorr    +         Harm     .   (no gloves)
MR       .....                  (no boots)
Stlth    +.........             (no amulet)
HPRegen  0.00/turn              f - ring of resist corrosion
MPRegen  0.08/turn              g - ring of see invisible

@: rotting
A: rotting body, claws 1, carnivore 3, cold resistance 1, negative energy
resistance 3, inhibited regeneration, torment resistance, unbreathing
a: no special abilities


You were on level 2 of the Dungeon.
You were not hungry.

You visited 1 branch of the dungeon, and saw 2 of its levels.

You collected 56 gold pieces.

Inventory:

Hand Weapons
 d - a +1 whip of pain (weapon)
Armour
 a - a +0 ring mail (worn)
Jewellery
 f - a ring of resist corrosion (left claw)
 g - a ring of see invisible (right claw)
Wands
 c - a wand of lightning (6/15)
Scrolls
 h - a scroll of magic mapping {unknown}
 i - a scroll of fog {unknown}
 k - a scroll of identify {unknown}
Potions
 e - a potion of curing {unknown}
 l - a potion of berserk rage {unknown}
Comestibles
 b - 3 meat rations
 j - 8 chunks of flesh


   Skills:
 - Level 3.2 Fighting
 + Level 0.5 Maces & Flails
 + Level 0.3 Armour
 - Level 3.3 Dodging
 - Level 2.1 Stealth
 + Level 4.1 Unarmed Combat


You had 2 spell levels left.
You didn't know any spells.

Dungeon Overview and Level Annotations

Branches:
Dungeon (2/15)

Altars:
Ru


Innate Abilities, Weirdness & Mutations

Your body is rotting away.
You thrive on raw meat.
You are immune to poison.
You have sharp fingernails.
You are carnivorous and can eat meat at any time.
Your flesh is cold resistant. (rC+)
You are immune to negative energy. (rN+++)
You do not regenerate when monsters are visible.
You are immune to unholy pain and torment.
You can survive without breathing.


Message History

The gnoll hits you but does no damage.
You completely miss the gnoll.
The gnoll is moderately wounded.
The gnoll hits you with a spear.
You barely miss the gnoll.
The gnoll is moderately wounded.
The gnoll hits you with a spear.
* * * LOW HITPOINT WARNING * * *
You barely miss the gnoll.
The gnoll is moderately wounded.
The gnoll barely misses you.
A bat comes into view.
You closely miss the gnoll.
The gnoll is moderately wounded.
The gnoll hits you but does no damage. The gnoll hits you with a spear.
* * * LOW HITPOINT WARNING * * *
You hit the gnoll.
The gnoll is heavily wounded.
The gnoll hits you with a spear.
You die...

.....gg. #....... ..
#.....# ..# ###### ..
## #.# .# .. .## #b
..## #g### ...#
#.@.## .#.# ###..#
.#)#### ##.## ......#
#..# .#.##.#######
##.# .#.##....>..##
#.#
.#.########..######.#
.#.# ##.....##.# .#.#
#####..#.#####


You could see a gnoll and a bat.

Vanquished Creatures
  2 adders (D:2)
  A giant cockroach (D:2)
  5 goblins
  6 hobgoblins
  4 jackals (D:1)
  3 kobolds
  2 bats (D:1)
  2 frilled lizards
  3 rats
28 creatures vanquished.

Notes
Turn   | Place    | Note
-------+----------+-------------------------------------------
     0 | D:1      | KristoblXynda the Ghoul Monk began the quest for the Orb.
     0 | D:1      | Reached XP level 1. HP: 19/19 MP: 0/0
     0 | D:1      | Upgraded the game from 0.21-a0-163-g3aa3f5d to 0.21-a0-193-g085b6a0
   137 | D:1      | Reached XP level 2. HP: 13/26 MP: 1/1
   690 | D:2      | Reached XP level 3. HP: 12/31 MP: 2/2
   694 | D:2      | Reached skill level 4 in Unarmed Combat
   783 | D:2      | Found a sacrificial altar of Ru.
   967 | D:2      | Slain by a gnoll

Vault maps used:
D:1:      dpeg_arrival_simpleton_a
D:2:      makhleb_blood_cavern_becter, overflow_temple_1_default,
          nicolae_ru_sacrificial_ziggurat

Skill      XL: |  1  2  3 |
---------------+----------+-----
Dodging        | 3 |  3.3
Unarmed Combat | 4 |  4.1
Fighting       | |  3.2
Maces & Flails | |  0.5
Armour         | |  0.3
Stealth        | |  2.1

Action                   || total
-------------------------++-------
Melee: Unarmed           ||    58
       Whip              ||    62
  Use: Scroll            ||     2
  Eat: Chunk             ||     8
Armor: Robe              ||    24
       Ring mail         ||    12
Dodge: Dodged            ||   135
